 Dungeon Sprint DCSS version 0.27.1-1-g398f81649c (webtiles) character file.

Game seed: 10802513635953988855

2074 boopmooplesden the Cleaver (level 9, -7/91 HPs)
             Began as a Minotaur Fighter on Sept 21, 2021.
             Was a Follower of Okawaru.
             Mangled by a skeletal warrior (21 damage)
             ... in the Dungeon (Sprint II: "The Violet Keep of Menkaure").
             The game lasted 00:03:27 (915 turns).

boopmooplesden the Cleaver (Minotaur Fighter)        Turns: 915, Time: 00:03:28

Health: -7/91      AC: 18    Str: 31    XL:     9   Next: 6%
Magic:  0/0        EV:  9    Int:  5    God:    Okawaru [*.....]
Gold:   132        SH:  0    Dex: 11    Spells: 8/8 levels left

rFire    + . .     SeeInvis +   a - +0 war axe
rCold    . . .     Faith    .   c - +0 kite shield
rNeg     . . .     Spirit   .   k - +3 chain mail {rPois}
rPois    +         Reflect  .   e - +1 hat
rElec    .         Harm     .   f - +0 cloak
rCorr    .         Rampage  .   (no gloves)
Will     +....     NoTele   +   (no boots)
Stlth    ..........             (no amulet)
HPRegen  0.25/turn              d - ring "Xiug" {rF+ Will+ MP-9 Str+8 SInv}
MPRegen  0.07/turn              (no ring)

@: confused, very slow
A: horns 2, retaliatory headbutt
a: Renounce Religion, Heroism


You were in the Dungeon.
You worshipped Okawaru.
Okawaru was aware of your devotion.
You visited 1 branch You collected 1053 gold pieces.
You spent 921 gold pieces at shops.

Inventory:

Hand Weapons
 a - a +0 war axe (weapon)
Armour
 b - a +0 scale mail
 c - a +0 kite shield (worn)
 e - a +1 hat (worn)
 f - a +0 cloak (worn)
 k - a +3 chain mail of poison resistance (worn)
Jewellery
 d - the ring "Xiug" (left hand) {rF+ Will+ MP-9 Str+8 SInv}
   (You bought it in a shop in the Dungeon)

   [ring of protection from fire]

   Str:       It affects your strength (+8).
   rF:        It protects you from fire.
   MP:        It affects your magic capacity (-9).
   SInv:      It lets you see invisible.
   Will:      It increases your willpower.
Scrolls
 j - a scroll of blinking
Potions
 g - a potion of haste
 h - 2 potions of magic


   Skills:
 + Level 12.3 Fighting
 + Level 12.6 Axes
 + Level 12.4 Armour
 + Level 2.5 Dodging
 + Level 0.3 Stealth
 + Level 12.0 Shields


You had 8 spell levels left.
You didn't know any spells.
Your spell library was empty.

Dungeon Overview and Level Annotations

Branches:
Dungeon (1/1)

Altars:
Cheibriados
Dithmenos
Elyvilon
Fedhas
Gozag
Hepliaklqana
Kikubaaqudgha
Makhleb
Nemelex Xobeh
Okawaru
Qazlal
Ru
Sif Muna
Trog
Uskayaw
Vehumet
Wu Jian
Xom
Yredelemnul
Zin
The Shining One
Beogh
Jiyva
Lugonu

Shops:
D *[:(?=!?:=[?[!(

Annotations:
D exclusion: oklob plant, Kirke


Innate Abilities, Weirdness & Mutations

You have a pair of horns on your head.
You reflexively headbutt those who attack you in melee.


Message History

Kirke casts a spell.
Kirke summons a sphinx!
You block the skeletal warrior's attack.
Your unstable footing causes you to fumble your attack.
Kirke closely misses you.
The skeletal warrior hits you but does no damage.
You hit Kirke.
Kirke is lightly wounded.
Your shield and chain mail prevent you from hitting the sphinx.
The sphinx hits you! The sphinx hits you but does no damage.
The sphinx hits you. Kirke closely misses you.
The skeletal warrior hits you from afar with a +0 trident!
The sphinx hits you but does no damage. x2; You block the sphinx's attack.
Your unstable footing causes you to fumble your attack.
Kirke drinks a potion.
Kirke seems to speed up.
The skeletal warrior hits you from afar with a +0 trident!
The sphinx mumbles some strange words.
You are confused.
You bump into the stone wall.
Kirke hits you but does no damage.
The skeletal warrior closely misses you.
The sphinx hits you! The sphinx closely misses you.
The sphinx hits you but does no damage. Kirke hits you but does no damage.
You're too confused to move!
Kirke hits you but does no damage. The skeletal warrior barely misses you.
The sphinx casts a spell.
Something smites you!
* * * LOW HITPOINT WARNING * * *
You're too confused to move!
Kirke hits you but does no damage.
The kobold demonologist gestures wildly while chanting.
The skeletal warrior hits you from afar with a +0 trident.
* * * LOW HITPOINT WARNING * * *
The sphinx closely misses you.
The sphinx hits you but does no damage. x2
Kirke hits you but does no damage.
You slash Kirke!
Kirke is lightly wounded.
You closely miss the sphinx.
Kirke casts a spell.
Kirke summons a manticore!
The skeletal warrior hits you from afar with a +0 trident!!
You die...

### #4Yc#### #5Kcz@@##
############H≈#+++#++
###########≈≈H........
##.......∩#≈≈≈≈.##+# ..
##∩.....∩.#≈≈≈≈###.###.####
##.∩...∩.∩#≈≈≈≈#..#..# ...#
##∩.∩.∩.∩.#≈≈####.#.####..##
##.∩.∩....#≈##.###'###.##..#
##..∩.∩...#≈#...##.##.###..#


You could see Kirke (fast), a sphinx (summoned), a yaktaur captain, an elephant,
a skeletal warrior, a centaur warrior, a manticore (summoned), a hellwing
(summoned), a kobold demonologist and a white imp (summoned).

Vanquished Creatures
  A merfolk siren (D)
  A yaktaur (D)
  3 polar bears (D)
  A hornet (D)
  Menkaure (D)
  4 necrophages (D)
  4 scorpions (D)
  A hell rat (D)
  3 worms (D)
19 creatures vanquished.

Vanquished Creatures (others)
  A water moccasin (D)
1 creature vanquished.

Grand Total: 20 creatures vanquished

Notes
Turn   | Place    | Note
-------+----------+-------------------------------------------
     0 | D        | boopmooplesden the Minotaur Fighter began the quest for the
                  | Orb.
     0 | D        | Reached XP level 1. HP: 19/19 MP: 0/0
     1 | D        | Noticed a scorpion
     1 | D        | Noticed a scorpion
     1 | D        | Noticed a scorpion
     1 | D        | Noticed a scorpion
     7 | D        | Killed a scorpion
     8 | D        | Reached skill level 5 in Armour
     8 | D        | Reached skill level 5 in Shields
     8 | D        | Reached XP level 2. HP: 15/30 MP: 1/1
     8 | D        | Reached XP level 3. HP: 18/37 MP: 2/2
     8 | D        | Killed a scorpion
     9 | D        | Reached XP level 4. HP: 23/47 MP: 3/3
    11 | D        | Killed a scorpion
    12 | D        | Reached skill level 5 in Axes
    12 | D        | Reached XP level 5. HP: 16/53 MP: 4/4
    49 | D        | Killed a water moccasin
   305 | D        | Noticed a merfolk siren
   316 | D        | Killed a merfolk siren
   317 | D        | Reached skill level 10 in Fighting
   317 | D        | Reached skill level 10 in Armour
   317 | D        | Reached skill level 1 in Dodging
   317 | D        | Reached XP level 6. HP: 66/66 MP: 5/5
   317 | D        | Reached XP level 7. HP: 72/72 MP: 6/6
   361 | D        | Reached skill level 10 in Shields
   385 | D        | Found Rurilus's Jewellery Emporium.
   385 | D        | Found Acilyd's Antique Armour Emporium.
   385 | D        | Found Lixzic's Book Shoppe.
   385 | D        | Found Ubozasor's Antique Armour Shoppe.
   386 | D        | Found Latompau's Magic Scroll Shoppe.
   386 | D        | Found Xiheuv's Antique Weapon Emporium.
   386 | D        | Found Quirhuonk's Magic Scroll Shoppe.
   386 | D        | Found Qadoytt's Distillery.
   387 | D        | Found Oxzutuwn's Distillery.
   387 | D        | Found Heydaa's Jewellery Emporium.
   410 | D        | Found Etuner's Magic Scroll Emporium.
   410 | D        | Found Syseuqyo's Weapon Shoppe.
   410 | D        | Noticed Menkaure
   410 | D        | Noticed a fire dragon
   410 | D        | Noticed an oklob plant
   421 | D        | Killed Menkaure
   422 | D        | Reached skill level 10 in Axes
   422 | D        | Reached XP level 8. HP: 48/82 MP: 7/7
   424 | D        | Found Gaghyhey's Antique Armour Shoppe.
   424 | D        | Found Fiemm's Book Shoppe.
   424 | D        | Found Mesoceaz's Assorted Antiques.
   428 | D        | Bought the ring "Xiug" {rF+ Will+ MP-9 Str+8 SInv} for 476
                  | gold pieces
   441 | D        | Bought a glowing hat for 168 gold pieces
   458 | D        | Bought a cloak for 90 gold pieces
   464 | D        | Bought a glowing chain mail for 187 gold pieces
   494 | D        | Found an iron altar of Okawaru.
   494 | D        | Found a radiant altar of Vehumet.
   495 | D        | Found a sparkling altar of Nemelex Xobeh.
   495 | D        | Found a hide-covered altar of Uskayaw.
   495 | D        | Found a glowing silver altar of Zin.
   496 | D        | Found an opulent altar of Gozag.
   496 | D        | Found a burning altar of Makhleb.
   496 | D        | Found a bloodstained altar of Trog.
   496 | D        | Found a basalt altar of Yredelemnul.
   497 | D        | Found a blossoming altar of Fedhas.
   497 | D        | Found a corrupted altar of Lugonu.
   497 | D        | Found a shimmering blue altar of Sif Muna.
   498 | D        | Found a white marble altar of Elyvilon.
   498 | D        | Found an ancient bone altar of Kikubaaqudgha.
   499 | D        | Found a shadowy altar of Dithmenos.
   499 | D        | Found a viscous altar of Jiyva.
   500 | D        | Found a snail-covered altar of Cheibriados.
   502 | D        | Found a shimmering altar of Xom.
   502 | D        | Found a sacrificial altar of Ru.
   502 | D        | Found a hazy altar of Hepliaklqana.
   502 | D        | Noticed a hornet
   502 | D        | Noticed a polar bear
   502 | D        | Noticed a polar bear
   503 | D        | Found a glowing golden altar of the Shining One.
   503 | D        | Found an ornate altar of the Wu Jian Council.
   503 | D        | Found a stormy altar of Qazlal.
   503 | D        | Noticed a yaktaur
   504 | D        | Noticed a polar bear
   506 | D        | Became a worshipper of Warmaster Okawaru
   509 | D        | Killed a polar bear
   522 | D        | Killed a polar bear
   522 | D        | Reached * piety under Okawaru
   523 | D        | Paralysed by a hornet for 2 turns
   525 | D        | Killed a hornet
   528 | D        | Killed a yaktaur
   535 | D        | Killed a polar bear
   536 | D        | Reached XP level 9. HP: 7/91 MP: 0/8
   905 | D        | Noticed an elephant
   905 | D        | Noticed a centaur warrior
   905 | D        | Noticed Kirke
   905 | D        | Noticed a kobold demonologist
   905 | D        | Noticed a yaktaur captain
   905 | D        | Noticed a skeletal warrior
   906 | D        | Noticed a hellwing
   906 | D        | Noticed a shining eye
   909 | D        | Noticed a sphinx
   915 | D        | Mangled by a skeletal warrior

Illustrated notes

Levels and vault maps discovered:
D:        the_violet_keep_of_menkaure [sprint2_stairs_cluster_1,
          sprint2_shoproom, sprint2_temple, sprint2_basic_supplies,
          sprint2_obstacle_1, sprint2_obstacle_2, sprint2_obstacle_6,
          sprint2_obstacle_4, sprint2_obstacle_7, sprint2_timed_cluster_1,
          sprint2_smallroom_cluster_1, sprint2_smallroom_final_cluster_1,
          sprint2_transparent_cluster_1, sprint2_second_timed_cluster_1,
          sprint2_sniper_area_1, sprint2_heavy_combat_area_1,
          sprint2_mutation_trap_area_1, sprint2_forest_area_1,
          sprint2_light_combat_area_1, sprint2_behind_water_1,
          sprint2_near_end_vault_1]

Skill      XL: |  1  2  3  4  5  6  7  8 |
---------------+-------------------------+-----
Fighting       | 6 7 8 10 11 12 | 12.3
Axes           | 3 4 5 7 10 12 | 12.6
Armour         | 5 6 7 10 11 12 | 12.4
Shields        | 5 6 7 9 10 12 | 12.0
Dodging        | 1 2 |  2.5
Stealth        | |  0.3

Action                   |  1- 3 |  4- 6 |  7- 9 || total
-------------------------+-------+-------+-------++-------
Melee: War axe           |     5 |    15 |    74 ||    94
       Headbutt          |       |     3 |    14 ||    17
  Use: Potion            |     1 |     2 |     1 ||     4
Armor: Scale mail        |     2 |       |    12 ||    14
       Chain mail        |       |       |    42 ||    42
Dodge: Dodged            |     2 |     1 |    43 ||    46
Block: Kite shield       |     3 |     4 |    54 ||    61
